 Dungeon Crawl Stone Soup version 0.31-a0-1593-ge08a94b (webtiles) character file.

Game seed: 5688448913817707362

176442 aaaa44 the Imperceptible (level 17, -12/99 HPs)
             Began as a Felid Berserker on Jan 6, 2024.
             Was a High Priest of Trog.
             Mangled by a radroach (59 damage)
             ... on level 3 of the Spider Nest.
             The game lasted 01:11:51 (31437 turns).

aaaa44 the Imperceptible (Felid Berserker)         Turns: 31437, Time: 01:11:51

Health: -12/99     AC:  3    Str: 17    XL:     17   Next: 51%
Magic:  18/18      EV: 37    Int: 12    God:    Trog [*****.]
Gold:   1708       SH:  0    Dex: 21    Spells: 16/16 levels left
                                        Lives:  0   Deaths: 6

rFire   . .          .
                       - Unarmed
rCold   + . .        (shield unavailable)
rNeg    . . .        (body armour unavailable)
rPois   +            (helmet unavailable)
rElec   .            (cloak unavailable)
rCorr   +            (gloves unavailable)
SInv    +            (boots unavailable)
Will    +++..        n - amulet of faith
Stlth   ++++++++     e - +4 ring of slaying
HPRegen 0.36/turn    p - ring of Qiyteged {rPois rCorr}
MPRegen 0.16/turn

%: faith
@: beast-form, very slightly contaminated, studying 2 skills
A: beast (slay +4), very small, claws 1, fangs 3, see invisible, shaggy fur 3,
stealthy paws, no weapons or thrown items, no armour, multi-lived, antennae 1,
strong-willed 1, strong 1
a: Begin Untransformation, Renounce Religion, Berserk, Trog's Hand, Brothers in
Arms


You were on level 3 of the Spider Nest.
You worshipped Trog.
Trog was extremely pleased with you.
You were a hulking beast.
You visited 4 branches of the dungeon, and saw 25 of its levels.

You collected 2805 gold pieces.
You spent 1097 gold pieces at shops.

Inventory:

Jewellery
 a - the ring "Kooxick" {Will+ Str+2}
   (You found it on level 3 of the Spider Nest)

   [ring of willpower]

   Str+2:     It affects your strength (+2).
   Will+:     It increases your willpower.
 e - a +4 ring of slaying (left paw)
 n - an amulet of faith (around neck)
 p - the ring of Qiyteged (right paw) {rPois rCorr}
   (You took it off a centaur on level 14 of the Dungeon)

   [ring of resist corrosion]

   rPois:     It protects you from poison rCorr: It protects you from acid and
   corrosion.
Talismans
 i - a beast talisman (active)
 k - a dragon-blood talisman
 Q - a serpent talisman
Wands
 b - a wand of polymorph (5)
 d - a wand of roots (8)
 r - a wand of flame (6)
 z - a wand of light (19)
 F - a wand of paralysis (23)
 K - a wand of digging (13)
Scrolls
 l - 2 scrolls of silence
 m - 5 scrolls of vulnerability
 t - 2 scrolls of immolation
 u - 4 scrolls of poison
 v - 9 scrolls of fog
 A - 5 scrolls of blinking
 C - 5 scrolls of noise
 L - 3 scrolls of revelation
 N - a scroll of torment
 P - 6 scrolls of fear
 R - a scroll of summoning
 S - 3 scrolls of teleportation
Potions
 c - 8 potions of curing
 f - 3 potions of haste
 h - 3 potions of ambrosia
 j - a potion of lignification
 o - 3 potions of mutation
 s - 6 potions of brilliance
 w - 2 potions of resistance
 B - 3 potions of might
 D - 3 potions of enlightenment
 E - 8 potions of heal wounds
 H - 2 potions of attraction
 J - a potion of cancellation
 M - 2 potions of berserk rage
 O - a potion of invisibility
Miscellaneous
 g - a phial of floods
 x - a tin of tremorstones (2/2)
 T - a phantom mirror


   Skills:
 + Level 15.5 Fighting
 + Level 20.5 Dodging
 + Level 21.3 Stealth
 + Level 20.3 Unarmed Combat
 - Level 10.0 Evocations
 - Level 7.0 Shapeshifting


You had 16 spell levels left.
You didn't know any spells.
Your spell library was empty.

Dungeon Overview and Level Annotations

Branches:
Dungeon (15/15)            Temple (0/1) D:6            Lair (5/5) D:10
 Shoals (0/4) Lair:3       Spider (3/4) Lair:3        Slime (0/5) Lair:4
    Orc (2/2) D:11            Elf (0/3) Orc:2        Vaults (0/5) D:14
 Depths (0/4) D:15

Altars:
Ashenzari
Hepliaklqana
Kikubaaqudgha
Makhleb
Qazlal
Trog
Wu Jian
Xom
Yredelemnul
Zin
Jiyva

Shops:
D:9 [   D:10 [   D:14 *=?   D:15 =   Orc:2 ?!=(


Innate Abilities, Weirdness & Mutations

You are a hulking beast.
Your limbs bulge with bestial killing power. (Slay +4)
You have sharp claws.
You have razor-sharp teeth.
You have supernaturally acute eyesight. (SInv)
Your thick and shaggy fur keeps you warm. (AC +3, rC+)
Your paws help you pounce on unaware monsters.
You are incapable of wielding weapons or throwing items.
You cannot wear armour.
You gain extra lives every three experience levels.
You have a pair of small antennae on your head.
You are strong-willed. (Will+)
Your muscles are strong. (Str +4, Int/Dex -1)


Message History

Key pressed, stopping explore.
Key pressed, stopping explore.
Key pressed, stopping explore.
Key pressed, stopping explore.
Key pressed, stopping explore.
Key pressed, stopping explore.
Key pressed, stopping explore.
Key pressed, stopping explore.
Key pressed, stopping explore.
A redback comes into view.
The redback moves out of view.
A redback is nearby!
A redback is nearby!
You scratch the redback. You claw the redback! You bite the redback.
The redback is heavily wounded.
The redback misses you.
You mangle the redback!!
You kill the redback!
Trog accepts your kill.
A culicivora comes into view.
You see here a redback corpse.
A culicivora is nearby!
A culicivora is nearby!
A culicivora is nearby!
A radroach comes into view.
A jumping spider comes into view. x2
The jumping spider moves out of view.
A redback comes into view.
A tarantella comes into view.
A redback comes into view.
You see here a redback corpse.
The radroach erupts in a fountain of uncontrolled magic!
You are blasted with magical radiation!!!
Ouch! That really hurt!
You are very lightly contaminated with residual magic.
Unknown command.
Your two-headed ogre goes berserk!
The radroach erupts in a fountain of uncontrolled magic!
You are blasted with magical radiation!!!
Ouch! That really hurt!
You die...

##.##........).....
#...###...........# ...#.
#...............## .....
#...............##
......##...†............#
.....#....##...........#
#...###..#.^..........#
#.....O.##..##....#....
#....^h.##.####..####.#
##....B##### #...##.###
.....s......# ###......#
.s....s....## #^...†..###
.....#..^..# ##.......#.#
##..##^.....##.......^...
### #s....##............
##...###............
##.## #........††..


You could see a radroach (ally target), a culicivora (asleep), a jumping spider,
a tarantella (asleep), a redback (wandering) and a friendly two-headed ogre
(summoned, berserk).

Vanquished Creatures
  Jorgrun (D:14)
  Frances (D:14)
  Kirke (Lair:5)
  A tengu reaver (D:14)
  Aizul (Spider:1)
  A ghost moth (Spider:1)
  A very ugly thing (D:14)
  4 dire elephants
  A spark wasp (Spider:3)
  The ghost of Qimap the Cleaver, a journeyman VSWn of Okawaru (Spider:1)
  The ghost of Qimap the Cleaver, a journeyman VSWn of Okawaru (Spider:1)
  Josephine (D:15)
  The ghost of Dicinne the Unseen, a journeyman VSEE of Uskayaw (D:14)
  4 entropy weavers
  2 catoblepae
  An ice dragon (D:14)
  3 vault guards
  11 hydras
  16 centaur warriors
  2 jorogumos (Spider:1)
  7 two-headed ogres
  4 death yaks
  5 boulder beetles
  2 tengu warriors (D:14)
  7 demonic crawlers
  An orc high priest (Orc:2)
  Urug (D:12)
  A storm dragon zombie (D:15)
  Sonja (Orc:2)
  8 skeletal warriors
  2 pharaoh ants
  A spark wasp zombie (D:15)
  A skyshark (Lair:3)
  A spectral anaconda (Lair:5)
  2 orb spiders
  An obsidian statue (Lair:5)
  3 necromancers
  2 steelbarb worms
  4 deep elf pyromancers
  15 orc knights
  6 wolf spiders
  11 ugly things
  An oklob plant (Lair:5)
  4 manticores
  9 cyclopes
  2 kobold blastminers (Orc:1)
  19 elephants
  A black mamba (shapeshifter) (D:13)
  6 meliai
  A moth of wrath (shapeshifter) (D:14)
  2 moths of wrath
  2 black mambas
  A meliai (shapeshifter) (D:13)
  17 slime creatures
  A dire elephant zombie (Lair:5)
  8 torpor snails
  3 gargoyles
  2 dire elephant skeletons (Lair:5)
  An unseen horror (shapeshifter) (D:11)
  An unseen horror (D:12)
  3 rime drakes
  Maggie (D:7)
  13 cane toads
  A freezing wraith (D:14)
  8 komodo dragons
  Jeremiah (D:8)
  3 efreet (D:14)
  2 polar bears
  A wind drake (D:15)
  10 trolls
  A wolf spider simulacrum (D:14)
  5 saltlings (Orc:2)
  10 tarantellas
  Prince Ribbit (D:8)
  A hornet (D:9)
  2 dream sheep (Lair:2)
  14 blink frogs
  A dire elephant simulacrum (Lair:5)
  14 jumping spiders
  4 culicivoras
  6 wraiths
  3 shadows
  2 centaur simulacra
  6 wyverns
  Grum (D:8)
  53 yaks
  A fire bat (shapeshifter) (D:14)
  3 fire bats (Lair:4)
  10 basilisks
  23 redbacks
  3 steam dragons
  5 wargs
  4 hogs (Lair:5)
  2 death yak simulacra (Lair:5)
  2 vampire mosquitoes
  6 spectral cane toads (Lair:5)
  2 acid dragons
  Duvessa (D:6)
  24 water moccasins
  6 sky beasts
  An ice beast (D:7)
  23 orc warriors
  12 black bears
  An elephant zombie (Lair:5)
  2 laughing skulls (D:14)
  24 wolves
  7 centaurs
  7 ogres
  10 boggarts (D:15)
  A phantom (D:6)
  An elephant skeleton (Lair:5)
  A kobold brigand (D:6)
  The ghost of Superstore the Trooper, an amateur VSFi of Trog (D:4)
  11 bullfrogs
  4 scorpions
  3 cane toad simulacra (Lair:5)
  5 wights (D:6)
  Dowan (D:6)
  15 killer bees (D:9)
  2 electric eels
  4 howler monkeys
  A bombardier beetle (D:5)
  24 orc priests
  A bullfrog zombie (D:4)
  4 hounds
  A jelly (D:6)
  A bullfrog skeleton (D:4)
  2 gnoll boudas
  3 sleepcaps
  Jessica (D:2)
  An iguana (D:5)
  29 orc wizards
  2 hell rats (Lair:2)
  13 adders
  19 gnolls
  3 white imps (D:6)
  3 ribbon worms
  96 orcs
  6 endoplasms
  3 giant cockroaches
  8 hobgoblins
  7 jackals
  6 kobolds
  3 quokkas
  8 ball pythons
  3 bats
  2 frilled lizards
  8 goblins
  2 rats (D:2)
877 creatures vanquished.

Vanquished Creatures (collateral kills)
  The ghost of Xeotib the Impaler, an adept DsMo of Ru (Spider:1)
  An orc warlord (Orc:2)
  The ghost of wqsa789 the Marksspriggan, a journeyman SpHu of Fedhas (Spider:1)
  The ghost of rotlqkf the Impaler, a journeyman MfGl of Okawaru (Lair:4)
  A dire elephant (Lair:5)
  2 hydras
  A vault guard (D:14)
  A radroach (Spider:1)
  An ogre mage (D:15)
  A boulder beetle (Lair:4)
  A death yak (Lair:4)
  A centaur warrior (D:13)
  2 two-headed ogres (D:15)
  A tengu warrior (D:14)
  A skeletal warrior (D:15)
  A flayed ghost (D:15)
  An orb spider (Spider:2)
  A steelbarb worm (Spider:2)
  A necromancer (Lair:5)
  2 ugly things
  A wolf spider (Spider:2)
  An orc sorcerer (Orc:2)
  A moth of wrath (Spider:2)
  A meliai (Spider:2)
  An elephant (Lair:4)
  A black mamba (Lair:4)
  A gargoyle (D:14)
  An efreet (D:14)
  A freezing wraith (D:14)
  A komodo dragon (Lair:4)
  6 blink frogs (Lair:4)
  A jumping spider (Spider:2)
  4 yaks (D:8)
  3 redbacks (Spider:2)
  A basilisk (Lair:3)
  2 vampire mosquitoes
  A water moccasin (Lair:4)
  An ogre (D:15)
  A centaur (D:14)
53 creatures vanquished.

Grand Total: 930 creatures vanquished

Notes
Turn   | Place    | Note
-------+----------+-------------------------------------------
     0 | D:1      | aaaa44 the Felid Berserker began the quest for the Orb.
     0 | D:1      | Reached XP level 1. HP: 12/12 MP: 2/2
    66 | D:1      | Reached skill level 1 in Stealth
   182 | D:1      | Reached XP level 2. HP: 16/16 MP: 3/3
   624 | D:2      | Noticed Jessica
   635 | D:2      | Reached skill level 2 in Stealth
   790 | D:2      | Killed Jessica
   791 | D:2      | Reached skill level 5 in Dodging
   791 | D:2      | Reached XP level 3. HP: 20/20 MP: 4/4
   810 | D:2      | Reached skill level 3 in Stealth
   993 | D:2      | Reached ** piety under Trog
  1029 | D:2      | Reached XP level 4. HP: 23/24 MP: 5/5
  1029 | D:2      | Gained a life (2 lives remaining)
  1226 | D:2      | Found a basalt altar of Yredelemnul.
  1308 | D:2      | Reached skill level 4 in Stealth
  1582 | D:3      | Reached XP level 5. HP: 26/28 MP: 6/6
  1838 | D:3      | Found a faded altar of an unknown god.
  2097 | D:3      | Found a basalt altar of Yredelemnul.
  2146 | D:3      | Found a shimmering altar of Xom.
  2449 | D:4      | Noticed an ogre
  2455 | D:4      | Killed an ogre
  2456 | D:4      | Reached skill level 5 in Stealth
  2456 | D:4      | Gained mutation: You are covered in thick fur. (AC +2)
                  | [Felid growth]
  2456 | D:4      | Reached XP level 6. HP: 32/32 MP: 7/7
  2500 | D:4      | Slain by a sleepcap
  2500 | D:4      | Lost a life (1 life remaining)
  2746 | D:4      | HP: 1/32 [orc priest/divine providence (16)]
  2748 | D:4      | Slain by an orc priest
  2748 | D:4      | Lost a life (0 lives remaining)
  2848 | D:4      | Reached *** piety under Trog
  2849 | D:4      | Reached skill level 6 in Stealth
  2900 | D:4      | Found a runed translucent gate.
  2900 | D:4      | Found a runed translucent gate.
  2900 | D:4      | Found a runed translucent gate.
  2905 | D:4      | Noticed Superstore's ghost (amateur VSFi)
  3190 | D:4      | Killed Superstore's ghost
  3194 | D:4      | Reached XP level 7. HP: 36/36 MP: 8/8
  3194 | D:4      | Gained a life (1 life remaining)
  3254 | D:5      | Entered Level 5 of the Dungeon
  3286 | D:5      | Reached skill level 7 in Stealth
  3376 | D:5      | Found a bloodstained altar of Trog.
  3441 | D:5      | Identified 2 scrolls of acquirement
  3443 | D:5      | Acquired a manual of Unarmed Combat
  3448 | D:5      | Acquired a manual of Evocations
  3466 | D:5      | Reached skill level 11 in Stealth
  3466 | D:5      | Reached XP level 8. HP: 40/40 MP: 9/9
  3467 | D:5      | Reached XP level 9. HP: 53/53 MP: 10/10
  3619 | D:5      | Found a burning altar of Makhleb.
  3673 | D:5      | Found a hazy altar of Hepliaklqana.
  3951 | D:6      | Found a stormy altar of Qazlal.
  3967 | D:6      | Noticed Duvessa
  3967 | D:6      | Noticed Dowan
  4053 | D:6      | Killed Duvessa
  4057 | D:6      | Killed Dowan
  4251 | D:6      | Reached XP level 10. HP: 51/57 MP: 11/11
  4251 | D:6      | Gained a life (2 lives remaining)
  4418 | D:6      | Reached **** piety under Trog
  4632 | D:6      | Found a staircase to the Ecumenical Temple.
  5024 | D:7      | Reached skill level 12 in Stealth
  5050 | D:7      | Reached skill level 10 in Fighting
  5330 | D:7      | Noticed Maggie
  5339 | D:7      | Killed Maggie
  5376 | D:7      | Found an ornate altar of the Wu Jian Council.
  5376 | D:7      | Found an ancient bone altar of Kikubaaqudgha.
  5910 | D:8      | Noticed Grum
  5922 | D:8      | Killed Grum
  6169 | D:8      | Reached XP level 11. HP: 64/64 MP: 12/12
  6243 | D:8      | Noticed Prince Ribbit
  6244 | D:8      | Noticed Jeremiah
  6287 | D:8      | Killed Prince Ribbit
  6287 | D:8      | Reached ***** piety under Trog
  6500 | D:8      | Killed Jeremiah
  6556 | D:8      | Identified the +6 falchion "Meaneaki" {holy, rC+}
  6699 | D:8      | Reached skill level 13 in Stealth
  7239 | D:9      | Found a glowing silver altar of Zin.
  7279 | D:9      | Found Temuq's Armour Boutique.
  7395 | D:9      | Found a broken altar of Ashenzari.
  7632 | D:10     | Entered Level 10 of the Dungeon
  7695 | D:10     | Found Gaman's Antique Armour Boutique.
  7905 | D:10     | Found a staircase to the Lair.
  8794 | D:11     | Found a staircase to the Orcish Mines.
  8830 | D:11     | Reached skill level 15 in Unarmed Combat
  8863 | D:11     | Reached skill level 14 in Stealth
  9625 | D:12     | Noticed Urug
  9633 | D:12     | Killed Urug
  9634 | D:12     | Gained mutation: Your thick and shaggy fur keeps you warm.
                  | (AC +3, rC+) [Felid growth]
  9634 | D:12     | Reached XP level 12. HP: 70/70 MP: 13/13
  9874 | D:12     | Noticed a boulder beetle
  9879 | D:12     | Killed a boulder beetle
 10135 | D:12     | Noticed a two-headed ogre
 10143 | D:12     | Killed a two-headed ogre
 10522 | D:13     | Noticed a centaur warrior
 10531 | D:13     | Killed a centaur warrior
 10544 | D:13     | Noticed a centaur warrior
 10546 | D:13     | Killed a centaur warrior
 10566 | D:13     | Noticed a centaur warrior
 10578 | D:13     | Killed a centaur warrior
 10579 | D:13     | Reached skill level 15 in Stealth
 10707 | D:13     | Noticed a centaur warrior
 10720 | D:13     | Noticed a five-headed hydra
 10737 | D:13     | Shot with an arrow by a centaur warrior
 10737 | D:13     | Lost a life (1 life remaining)
 10865 | D:13     | Killed a centaur warrior
 11118 | D:13     | Noticed an eight-headed hydra
 11126 | D:13     | Killed an eight-headed hydra
 11203 | D:13     | Reached skill level 15 in Dodging
 11328 | D:13     | Killed a five-headed hydra
 11568 | D:13     | Reached XP level 13. HP: 75/75 MP: 14/14
 11568 | D:13     | Gained a life (2 lives remaining)
 11888 | D:13     | Identified the +5 dagger of Soon {vamp, MP+9 Int+3}
 12515 | D:14     | Found a gate to the Vaults.
 13227 | D:14     | Identified the ring of Qiyteged {rPois rCorr}
 13228 | D:14     | Noticed a tengu reaver
 13261 | D:14     | Killed a tengu reaver
 13285 | D:14     | Identified the +8 dagger "Qyheow" {vamp, Str+3 Stlth+}
 13318 | D:14     | Noticed Frances
 13465 | D:14     | Reached XP level 14. HP: 80/80 MP: 15/15
 13758 | D:14     | Killed Frances
 13764 | D:14     | Slain by an efreet
 13764 | D:14     | Lost a life (1 life remaining)
 13886 | D:14     | Noticed a purple very ugly thing
 14047 | Orc:1    | Entered Level 1 of the Orcish Mines
 14286 | Lair:1   | Entered Level 1 of the Lair of Beasts
 16158 | Lair:2   | You fall into a shaft and drop 1 floor!
 16171 | Lair:3   | Killed by an exploding wolf... ignited by their inner flame
 16171 | Lair:3   | Lost a life (0 lives remaining)
 16287 | Lair:3   | Found a hole to the Spider Nest.
 17135 | Lair:3   | Found a staircase to the Shoals.
 17459 | Lair:2   | HP: 2/80 [dire elephant (9)]
 17700 | Lair:2   | Reached XP level 15. HP: 85/85 MP: 16/16
 17758 | Lair:2   | Identified the amulet of Wujum {RegenMP rC- Dex+5 Slay+2}
 18078 | Lair:4   | Found a runed translucent gate.
 18079 | Lair:4   | Found a runed translucent gate.
 18080 | Lair:4   | Found a runed translucent gate.
 18087 | Lair:4   | Noticed rotlqkf's ghost (journeyman MfGl)
 18149 | Lair:4   | Acquired a manual of Stealth
 18369 | Lair:4   | HP: 4/85 [elephant (18)]
 18574 | Lair:4   | Found a staircase to the Slime Pits.
 18574 | Lair:4   | Found a viscous altar of Jiyva.
 19094 | Lair:5   | Entered Level 5 of the Lair of Beasts
 19382 | Lair:5   | Reached skill level 1 in Shapeshifting
 19480 | Lair:5   | Noticed Kirke
 19640 | Lair:5   | Killed Kirke
 19664 | Lair:5   | Reached skill level 16 in Stealth
 20508 | Lair:5   | Reached ****** piety under Trog
 20645 | Lair:5   | Reached skill level 17 in Stealth
 20957 | Lair:4   | Killed rotlqkf's ghost
 21675 | Orc:2    | Entered Level 2 of the Orcish Mines
 21715 | Orc:2    | Noticed Sonja
 21750 | Orc:2    | Killed Sonja
 22203 | Orc:2    | Found a staircase to the Elven Halls.
 22363 | Orc:2    | Reached skill level 18 in Stealth
 22372 | Orc:2    | Reached XP level 16. HP: 76/92 MP: 17/17
 22372 | Orc:2    | Gained a life (1 life remaining)
 22409 | Orc:2    | Found Taij's Distillery.
 22916 | Orc:2    | Found Dajago's Jewellery Shoppe.
 22946 | Orc:2    | Bought a potion of heal wounds for 55 gold pieces
 22946 | Orc:2    | Bought a potion of resistance for 110 gold pieces
 22946 | Orc:2    | Bought a potion of berserk rage for 55 gold pieces
 22946 | Orc:2    | Bought a potion of heal wounds for 55 gold pieces
 22956 | Orc:2    | Found Surreer's Magic Scroll Shoppe.
 22966 | Orc:2    | Bought a scroll of identify for 30 gold pieces
 22966 | Orc:2    | Bought a scroll of identify for 30 gold pieces
 22966 | Orc:2    | Bought a scroll of identify for 30 gold pieces
 22966 | Orc:2    | Bought a scroll of fog for 60 gold pieces
 23004 | Orc:2    | Found Koingive's Antique Weapon Boutique.
 23774 | D:14     | Found Woahes's Jewellery Emporium.
 23781 | D:14     | Noticed Jorgrun
 23791 | D:14     | Killed Jorgrun
 23797 | D:14     | Reached skill level 19 in Stealth
 23862 | D:14     | Noticed Dicinne's ghost (journeyman VSEE)
 23865 | D:14     | Found Qite's Magic Scroll Shop.
 23879 | D:14     | Found a runed translucent door.
 23989 | D:14     | Reached skill level 5 in Shapeshifting
 24811 | D:14     | Reached skill level 20 in Stealth
 24877 | D:14     | Bought a scroll of identify for 32 gold pieces
 24877 | D:14     | Bought a scroll of blinking for 120 gold pieces
 24877 | D:14     | Bought 3 scrolls of fear for 192 gold pieces
 24877 | D:14     | Bought a scroll of fog for 64 gold pieces
 24877 | D:14     | Bought a scroll of fog for 64 gold pieces
 24928 | D:14     | Reached skill level 1 in Evocations
 24934 | D:14     | Found Kobb's Assorted Antiques.
 24942 | D:14     | Bought a potion of ambrosia for 200 gold pieces
 25128 | D:14     | Killed Dicinne's ghost
 25169 | D:14     | Gained mutation: Your muscles are strong. (Str +4, Int/Dex
                  | -1) [potion of mutation]
 25169 | D:14     | Gained mutation: You passively map a small area around you.
                  | [potion of mutation]
 25169 | D:14     | Gained mutation: You are robust. (+10% HP) [potion of
                  | mutation]
 25193 | D:15     | Entered Level 15 of the Dungeon
 25242 | D:15     | Found Ubbuf Olabre's Jewellery Shop.
 25260 | D:15     | Noticed Josephine
 25274 | D:15     | Killed Josephine
 25572 | D:15     | Reached skill level 5 in Evocations
 25624 | D:15     | Found a staircase to the Depths.
 25762 | D:15     | Reached skill level 15 in Fighting
 27095 | Spider:1 | Entered Level 1 of the Spider Nest
 27142 | Spider:1 | Paralysed by a jorogumo for 2 turns
 27345 | Spider:1 | Found a runed translucent gate.
 27345 | Spider:1 | Found a runed translucent gate.
 27354 | Spider:1 | Slain by a ghost moth
 27354 | Spider:1 | Lost a life (0 lives remaining)
 27540 | Spider:1 | Reached XP level 17. HP: 108/108 MP: 18/18
 27596 | Spider:1 | Found a runed translucent gate.
 27911 | Spider:1 | Noticed Xeotib's ghost (adept DsMo)
 27911 | Spider:1 | Noticed Qimap's ghost (journeyman VSWn)
 27913 | Spider:1 | Noticed Qimap's ghost (journeyman VSWn)
 27913 | Spider:1 | Noticed wqsa789's ghost (journeyman SpHu)
 27935 | Spider:1 | Reached skill level 10 in Evocations
 28449 | Spider:1 | Killed Xeotib's ghost
 28458 | Spider:1 | Killed Qimap's ghost
 28459 | Spider:1 | Killed wqsa789's ghost
 28463 | Spider:1 | Killed Qimap's ghost
 28673 | Spider:2 | Identified the serpent talisman of Baldness {rF- rC+ rCorr
                  | Int+2}
 28673 | Spider:2 | Noticed Aizul
 29168 | Spider:1 | Killed Aizul
 30358 | Spider:2 | Reached skill level 21 in Stealth
 30585 | Spider:2 | Lost mutation: You passively map a small area around you.
                  | [potion of mutation]
 30585 | Spider:2 | Lost mutation: You are robust. (+10% HP) [potion of
                  | mutation]
 30585 | Spider:2 | Gained mutation: You are strong-willed. (Will+) [potion of
                  | mutation]
 30585 | Spider:2 | Gained mutation: You have a pair of small antennae on your
                  | head. [potion of mutation]
 30634 | Spider:3 | Identified the ring "Kooxick" {Will+ Str+2}
 31437 | Spider:3 | Mangled by a radroach

Illustrated notes

Levels and vault maps discovered:
D:1:      nzn_arrival_crosshair, layout_basic
D:2:      layout_basic, basic_altar, nicolae_grassy_gnolls, uniq_jessica
D:3:      layout_loops_ring, xom_butterflies, mainiacjoe_overflow_paths,
          hellmonk_ecumenical_altar_lost_god, kennysheep_cluttered_room,
          minmay_fractal_squares_5
D:4:      layout_loops_ring, gammafunk_ghost_necromancy
D:5:      layout_loops_ring, nzn_hepliaklqana_mist_gate,
          trog_three_pillars_becter, kennysheep_little_box
D:6:      layout_loops_ring, kennysheep_mini_moat,
          minmay_temple_entry_nine_rooms, nicolae_lava_and_water,
          minmay_manual_macuahuitl, uniq_duvessa
D:7:      layout_basic, gammafunk_temple_overflow_elements, minmay_bent,
          uniq_maggie
D:8:      layout_rooms, kennysheep_potato, uniq_grum, uniq_jeremiah,
          uniq_prince_ribbit1
D:9:      layout_irregular_city, nicolae_ashenzari_skybound, zin_academy,
          serial_shops, shop
D:10:     layout_cave_pools, minmay_lair_entry_grove, serial_shops, shop,
          kennysheep_windowed_goal
D:11:     layout_stronghold, hiddenorc2_lemuel, minmay_misc_feat_nine_boxes,
          grunt_decor_mini_mirrors, st_stairs_4
D:12:     layout_long_grid, uniq_urug
D:13:     minmay_quarter_circles, layout_irregular_city
D:14:     minmay_heptahexagon, layout_gridville,
          lightli_vaults_fourway_checkpoint, hellmonk_ghost_happy_afterlife,
          serial_shops, nicolae_stop_n_shop_1, nicolae_shop_advertising_works
          [nicolae_subvault_shop_adworks], shop, uniq_frances, uniq_jorgrun
D:15:     gammafunk_depths_entry_grave, layout_stronghold, serial_shops,
          nicolae_shop_gaudy_bauble, abandoned_shop, serial_column_ruins,
          column_ruins_courtyard_long, column_ruins_columns_dead_end,
          column_ruins_columns_straight, column_ruins_columns_straight,
          dreamdust_looks_like_rain, uniq_josephine
Lair:1:   layout_chaotic_city
Lair:2:   layout_loops_ring, nicolae_lair_lakeside_cave
Lair:3:   layout_hall_layers, elwin_shoals_entry_rooms,
          spider_nest_entry_rubble, minivault_19, minivault_27, st_stairs_12,
          beast_lair_carwin_7
Lair:4:   layout_long_grid, slime_entry_1, nicolae_volcano_entry_batcave,
          gammafunk_ghost_split
Lair:5:   due_jungle_book, layout_regular_city, grunt_forest_stairs_basic,
          uniq_kirke
Spider:1: layout_chambers, gammafunk_ghost_cemetery, drop_trap,
          hangedman_spider_tarantella_strand
Spider:2: layout_spider_delve, portal_ice_cave_entry_pillars_four, uniq_aizul
Spider:3: layout_spider_delve
Orc:1:    layout_caves
Orc:2:    hellmonk_orc_salted, layout_diamond_mine, basic_altar, uniq_sonja

Skill      XL: |  1  2  3  4  5  6  7  8  9 10 11 12 13 14 15 16 17 |
---------------+----------------------------------------------------+-----
Stealth        | 1 2 3 4 5 6 11 12 14 15 18 20 21 | 21.3
Dodging        | 5 6 7 11 12 13 15 17 19 20 | 20.5
Unarmed Combat | 4 13 14 15 16 17 19 20 | 20.3
Fighting       | 9 10 11 12 13 15 | 15.5
Shapeshifting  | 3 7 |  7.0
Evocations     | 8 10 | 10.0

Action                     |  1- 3 |  4- 6 |  7- 9 | 10-12 | 13-15 | 16-18 || total
---------------------------+-------+-------+-------+-------+-------+-------++-------
  Melee: Unarmed           |    53 |   146 |    90 |   542 |  1006 |   593 ||  2430
         Bite              |     2 |    16 |     6 |    77 |   149 |    93 ||   343
         Punch             |       |     5 |     7 |    61 |   165 |    91 ||   329
 Invoke: Berserk           |       |     4 |     2 |    11 |    18 |    10 ||    45
         Trog's Hand       |       |     3 |     2 |    17 |    26 |    12 ||    60
         Brothers in Arms  |       |       |       |     1 |     9 |    10 ||    20
  Evoke: Wand              |       |       |     1 |       |     1 |     1 ||     3
    Use: Scroll            |       |       |    18 |     3 |    10 |     9 ||    40
         Potion            |       |       |     2 |       |     2 |     2 ||     6
   Stab: Sleeping          |     4 |    10 |       |    27 |    54 |    32 ||   127
         Distracted        |       |       |       |     1 |    11 |     3 ||    15
         Petrified         |       |       |       |       |     1 |       ||     1
 Armour: Skin              |    12 |    38 |    26 |   152 |   206 |   201 ||   635
  Dodge: Dodged            |    45 |   116 |    75 |   545 |  1008 |   818 ||  2607
         Form:             |       |       |       |       |     1 |       ||     1
         Dragon            |       |       |       |       |     1 |       ||     1
         Beast             |       |       |       |       |     1 |       ||     1

Table legend: (Time is in decaauts)
 A = Elapsed time spent in this place.
 B = Non-inter-level travel time spent in this place.
 C = Inter-level travel time spent in this place.
 D = Time resting spent in this place.
 E = Time spent auto-exploring this place.
 F = Levels seen in this place.
 G = Mean time per level.
                   A        B        C        D        E       F      G
               +--------+--------+--------+--------+--------+-----+--------+
         Total |  31165 |  29765 |   1400 |   7460 |  15559 |  25 | 1246.6 |
       Dungeon |  17641 |  16939 |    702 |   3980 |   9332 |  15 | 1176.1 |
          Lair |   6799 |   6436 |    363 |   1247 |   3440 |   5 | 1359.8 |
   Spider Nest |   4330 |   4090 |    240 |   1755 |   1522 |   3 | 1443.3 |
  Orcish Mines |   2394 |   2299 |     95 |    476 |   1264 |   2 | 1197.0 |
               +--------+--------+--------+--------+--------+-----+--------+

Top non-repeatable levels by time:
Spider:1: 2701 daAuts
    D:14: 2611 daAuts
    D:13: 2593 daAuts
    D:11: 1778 daAuts
  Lair:5: 1761 daAuts
   Orc:2: 1595 daAuts
    D:15: 1583 daAuts
  Lair:2: 1492 daAuts
  Lair:3: 1354 daAuts
  Lair:4: 1319 daAuts
     D:6: 1091 daAuts
     D:7: 965 daAuts
     D:2: 945 daAuts
     D:4: 877 daAuts
  Lair:1: 871 daAuts
